 Dungeon Crawl Stone Soup version 0.31-a0-1424-g2add1c7226 (webtiles) character file.

Game seed: 16419494297325967833

30 Aldia the Trooper (level 3, 0/37 HPs)
             Began as an Oni Warper on Dec 27, 2023.
             Slain by a cerulean imp
             ... wielding a +0 spear
             ... summoned by Natasha
              (3 damage)
             ... on level 2 of the Dungeon.
             The game lasted 00:01:13 (911 turns).

Aldia the Trooper (Oni Warper)                       Turns: 911, Time: 00:01:14

Health: 0/37       AC:  3    Str: 17    XL:     3   Next: 20%
Magic:  6/6        EV:  9    Int: 14    God:
Gold:   60         SH:  0    Dex:  8    Spells: 5/7 levels left

rFire   . . .        a - +0 mace
rCold   . . .        (no shield)
rNeg    . . .        b - +0 robe
rPois   .            (helmet restricted)
rElec   .            (no cloak)
rCorr   .            (gloves unavailable)
SInv    .            (boots unavailable)
Will    .....        (no amulet)
Stlth   +            (no ring)
HPRegen 0.26/turn    (no ring)
MPRegen 0.10/turn

%: no passive effects
@: no status effects
A: large, unfitting armour, horns 1, tough skin 1, double potion healing,
drunken brawling
a: no special abilities


You were on level 2 of the Dungeon.
You visited 1 branch of the dungeon, and saw 2 of its levels.

You collected 60 gold pieces.

Inventory:

Hand Weapons
 a - a +0 mace (weapon)
Missiles
 d - 7 darts of dispersal (quivered)
 l - 3 poisoned darts
Armour
 b - a +0 robe (worn)
Jewellery
 h - a ring of ice
Scrolls
 c - a scroll of blinking
 f - a scroll of fear {unknown}
 j - a scroll of teleportation {unknown}
 k - 2 scrolls of identify {unknown}
Potions
 e - a potion of curing {unknown}
 g - a potion of enlightenment {unknown}
 i - a potion of berserk rage {unknown}
 m - 2 potions of resistance {unknown}


   Skills:
 + Level 3.3 Fighting
 * Level 2.9 Maces & Flails
 - Level 1.0 Throwing
 - Level 2.1 Dodging
 - Level 2.5 Spellcasting
 + Level 3.0 Translocations


You had 5 spell levels left.
You knew the following spells:

 Your Spells              Type           Power      Damage    Failure   Level
a - Blink                 Tloc           20%        N/A       10%         2

Your spell library contained the following spells:

 Spells                   Type           Power      Damage    Failure   Level
 Lesser Beckoning         Tloc           20%        N/A       10%         2
 Teleport Other           Tloc           10%        N/A       21%         3
 Manifold Assault         Tloc           10%        N/A       54%         4
 Inner Flame              Hex/Fire       1%         N/A       56%         3
 Vhi's Electric Charge    Tloc/Air       10%        N/A       77%         4
 Alistair's Intoxication  Alch           0%         N/A       99%         5
 Irradiate                Conj/Alch      0%         3d11      99%         5
 Ignition                 Fire           0%         3d3       100%        8
 Dragon's Call            Summ           0%         N/A       100%        9


Dungeon Overview and Level Annotations

Branches:
Dungeon (2/15)

Altars:

Shops:
D:1 [

Annotations:
D:2 Natasha


Innate Abilities, Weirdness & Mutations

You are too large for most types of armour.
You have a pair of small horns on your head.
You have tough skin. (AC +1)
You gain doubled healing and magic from potions.
Whenever you drink a healing potion, you attack all around you.


Message History

You hit the cerulean imp.
The cerulean imp is moderately wounded.
Natasha claws you.
The cerulean imp hits you with a +1 spear.
The cerulean imp hits you but does no damage.
You are too injured to fight recklessly!
You are too injured to fight recklessly!
You are too injured to fight recklessly!
You barely miss Natasha. Natasha misses you.
The cerulean imp barely misses you. x2
You barely miss Natasha. You headbutt Natasha, but do no damage.
Natasha claws you but does no damage.
The cerulean imp hits you from afar with a +1 spear.
The cerulean imp barely misses you. Natasha claws you.
* * * LOW HITPOINT WARNING * * *
You hit Natasha. Your headbutt misses Natasha.
Natasha is lightly wounded.
The cerulean imp closely misses you.
The cerulean imp hits you with a +1 spear.
* * * LOW HITPOINT WARNING * * *
Natasha claws you but does no damage.
The cerulean imp hits you but does no damage. x2
You hit Natasha.
Natasha is heavily wounded.
Natasha barely misses you.
The cerulean imp hits you from afar with a +1 spear.
* * * LOW HITPOINT WARNING * * *
The cerulean imp barely misses you.
Unknown command.
You hit Natasha. You headbutt Natasha, but do no damage.
Natasha is almost dead.
The cerulean imp disappears in a puff of smoke! x2
Natasha mumbles some strange words.
Unknown command.
You barely miss Natasha.
Natasha is almost dead.
Natasha claws you.
* * * LOW HITPOINT WARNING * * *
The cerulean imp hits you with a +0 spear.
You die...

#.....# #.~...#
#.....# #..~..#
#.....#
###.~...######.....#
#....~~..#...#.....#
#.....§.§#.).####.##
#.......§#...# #.#
#......h.....# #.#
#....@.....# #.#
#....5.....# #.#
####...)...# #%#
#####...# #.# ####.#
#.# #....# #.#
#.#### #.# #.# #.#
#.# #.#


You could see Natasha and a cerulean imp (summoned).

Vanquished Creatures
  A dart slug (D:1)
  3 endoplasms
  A giant cockroach (D:2)
  2 goblins (D:1)
  6 hobgoblins
  2 jackals (D:1)
  3 kobolds (D:1)
  A quokka (D:1)
  2 ball pythons (D:1)
  A frilled lizard (D:1)
  2 rats
24 creatures vanquished.

Notes
Turn   | Place    | Note
-------+----------+-------------------------------------------
     0 | D:1      | Aldia the Oni Warper began the quest for the Orb.
     0 | D:1      | Reached XP level 1. HP: 22/22 MP: 3/3
   168 | D:1      | Reached XP level 2. HP: 31/31 MP: 5/5
   239 | D:1      | Found Luiracix's Armour Shoppe.
   771 | D:2      | Learned a level 2 spell: Blink
   816 | D:2      | Reached XP level 3. HP: 37/37 MP: 6/6
   893 | D:2      | Got Sif Muna's Reference Book on the Feculent Legion
   897 | D:2      | Noticed Natasha
   911 | D:2      | Slain by a cerulean imp

Illustrated notes

Levels and vault maps discovered:
D:1:      tarquinn_simple_flora_water_a, layout_basic, serial_shops, shop,
          hex_tiny
D:2:      minmay_chambers_of_twos, layout_basic, minmay_misc_feat_room,
          chequers_serial_rivers_micro_c, uniq_crazy_yiuf_cottage, uniq_jessica,
          uniq_terence, uniq_natasha

Skill      XL: |  1  2  3 |
---------------+----------+-----
Fighting       | 3 |  3.3
Translocations | 3 |  3.0
Maces & Flails | |  2.9
Throwing       | |  1.0
Dodging        | |  2.1
Spellcasting   | |  2.5

Action                     || total
---------------------------++-------
  Melee: Mace              ||    68
         Headbutt          ||     8
         Punch             ||     1
 Armour: Robe              ||    64
  Dodge: Dodged            ||    33

Table legend: (Time is in decaauts)
 A = Elapsed time spent in this place.
 B = Non-inter-level travel time spent in this place.
 C = Inter-level travel time spent in this place.
 D = Time resting spent in this place.
 E = Time spent auto-exploring this place.
 F = Levels seen in this place.
 G = Mean time per level.
                   A        B        C        D        E       F      G
               +--------+--------+--------+--------+--------+-----+--------+
         Total |    929 |    903 |     26 |      0 |    734 |   2 |  464.5 |
       Dungeon |    929 |    903 |     26 |      0 |    734 |   2 |  464.5 |
               +--------+--------+--------+--------+--------+-----+--------+

Top non-repeatable levels by time:
     D:1: 779 daAuts
     D:2: 149 daAuts
